 Dungeon Crawl Stone Soup version 0.27-a0-1529-g1e82c303ef (webtiles) character file.

Game seed: 5105072377382548790

301161 fiver49 the Hand of Fortune (level 20, -4/165 HPs)
             Began as a Demonspawn Gladiator on July 6, 2021.
             Was the Champion of Nemelex Xobeh.
             Slain by a vault warden (37 damage)
             ... on level 2 of the Vaults on July 12, 2021.
             The game lasted 03:03:41 (54495 turns).

fiver49 the Hand of Fortune (Demonspawn Gladiator) Turns: 54495, Time: 03:03:41

Health: -4/165     AC: 22    Str: 28    XL:     20   Next: 18%
Magic:  32/32      EV: 19    Int: 14    God:    Nemelex Xobeh [******]
Gold:   204        SH: 22    Dex: 18    Spells: 19/19 levels left

rFire    . . .     SeeInvis .   a - +8 demon blade (flame)
rCold    + . .     Faith    .   t - +0 kite shield {rN+}
rNeg     + . .     Spirit   .   g - +2 ring mail {Will+}
rPois    +         Reflect  +   (helmet unavailable)
rElec    .         Harm     .   o - +2 cloak {Will+}
rCorr    .         Rampage  .   (gloves unavailable)
Will     ++++.                  (no boots)
Stlth    +.........             P - amulet of reflection
HPRegen  0.37/turn              Q - ring "Fiquec" {rC+ Str+6 Slay+2}
MPRegen  0.23/turn              k - ring "Roamn" {rPois Will+ Int+2 Dex+4}

@: no status effects
A: claws 3, hooves 1, horns 3, icemail 2, condensation shield, demonic magic 2,
bedeviling
}: 2/15 runes: barnacled, gossamer
a: Renounce Religion, Draw Escape, Draw Destruction, Draw Summoning, Triple
Draw, Deal Four, Stack Five


You were on level 2 of the Vaults.
You worshipped Nemelex Xobeh.
Nemelex Xobeh was exalted by your worship.
You visited 5 branches of the dungeon, and saw 31 of its levels.
You also visited: Bailey.

You collected 4302 gold pieces.
You spent 4098 gold pieces at shops.

Inventory:

Hand Weapons
 a - a +8 demon blade of flaming (weapon)
Missiles
 d - 6 throwing nets
 u - 15 silver boomerangs
 A - a curare-tipped dart
 B - 12 boomerangs of dispersal
 L - 47 boomerangs (quivered)
 S - 32 silver javelins
Armour
 b - +0 acid dragon scales
 g - a +2 ring mail of willpower (worn)
 o - a +2 cloak of willpower (worn)
 t - a +0 kite shield of positive energy (worn)
 K - a +0 kite shield of reflection
Jewellery
 h - a ring of see invisible
 k - the ring "Roamn" (right claw) {rPois Will+ Int+2 Dex+4}
   (You found it on level 14 of the Dungeon)

   [ring of poison resistance]

   Int:       It affects your intelligence (+2).
   Dex:       It affects your dexterity (+4).
   rPois:     It protects you from poison.
   Will:      It increases your willpower.
 l - a ring of protection from cold
 m - a ring of positive energy
 O - a ring of protection from fire
 P - an amulet of reflection (around neck)
 Q - the ring "Fiquec" (left claw) {rC+ Str+6 Slay+2}
   (You bought it in a shop on level 4 of the Shoals)

   [ring of strength]

   Str:       It affects your strength (+6).
   Slay:      It affects your accuracy & damage with ranged weapons and melee
   (+2).
   rC:        It protects you from cold.
Wands
 s - a wand of charming (21)
 H - a wand of iceblast (64)
 M - a wand of acid (18)
 T - a wand of polymorph (45)
 W - a wand of mindburst (38)
 Z - a wand of digging (9)
Scrolls
 e - 9 scrolls of teleportation
 j - 5 scrolls of fog
 p - 2 scrolls of immolation
 r - 9 scrolls of vulnerability
 w - 4 scrolls of blinking
 y - 2 scrolls of brand weapon
 F - 5 scrolls of enchant armour
 G - 9 scrolls of magic mapping
 I - 3 scrolls of summoning
 R - 2 scrolls of fear
 V - a scroll of silence
Potions
 c - 3 potions of heal wounds
 i - 2 potions of magic
 n - 7 potions of might
 q - 9 potions of lignification
 x - 5 potions of mutation
 z - 5 potions of flight
 C - 3 potions of brilliance
 D - 7 potions of curing
 J - 5 potions of attraction
 N - a potion of resistance
 U - 6 potions of haste
 X - a potion of invisibility
 Y - 4 potions of cancellation
Miscellaneous
 f - a phantom mirror
 v - a lightning rod (4/4)
 E - a condenser vane


   Skills:
 + Level 16.2 Fighting
 - Level 14.0 Long Blades
 - Level 1.7 Throwing
 + Level 14.7 Armour
 + Level 15.0 Dodging
 * Level 9.2 Shields
 + Level 16.9 Invocations


You had 19 spell levels left.
You didn't know any spells.
Your spell library contained the following spells:

 Spells                   Type           Power      Damage    Failure   Level
 Animate Skeleton         Necr           0%         N/A       61%         1
 Apportation              Tloc           0%         N/A       61%         1
 Corona                   Hex            0%         N/A       61%         1
 Magic Dart               Conj           0%         1d3       61%         1
 Pain                     Necr           0%         1d4       61%         1
 Sandblast                Erth           0%         2d4       61%         1
 Summon Small Mammal      Summ           0%         N/A       61%         1
 Blink                    Tloc           N/A        N/A       75%         2
 Call Imp                 Summ           0%         N/A       75%         2
 Corpse Rot               Necr/Air       N/A        N/A       75%         2
 Passwall                 Tmut/Erth      0%         N/A       75%         2
 Searing Ray              Conj           0%         3d3       75%         2
 Slow                     Hex            0%         N/A       75%         2
 Static Discharge         Conj/Air       0%         N/A       75%         2
 Sublimation of Blood     Necr           0%         N/A       75%         2
 Call Canine Familiar     Summ           0%         N/A       93%         3
 Confusing Touch          Hex            0%         N/A       93%         3
 Ignite Poison            Fire/Tmut/Pois 0%         N/A       93%         3
 Lesser Beckoning         Tloc           0%         N/A       93%         3
 Mephitic Cloud           Conj/Pois/Air  0%         N/A       93%         3
 Portal Projectile        Hex/Tloc       0%         N/A       93%         3
 Stone Arrow              Conj/Erth      0%         3d7       93%         3
 Summon Guardian Golem    Hex/Summ       0%         N/A       93%         3
 Airstrike                Air            0%         N/A       100%        4
 Animate Armour           Summ/Erth      0%         N/A       100%        4
 Animate Dead             Necr           0%         N/A       100%        4
 Dispel Undead            Necr           0%         3d6       100%        4
 Fulminant Prism          Conj/Hex       0%         3d6       100%        4
 Leda's Liquefaction      Hex/Erth       0%         N/A       100%        4
 Petrify                  Tmut/Erth      0%         N/A       100%        4
 Agony                    Necr           0%         N/A       100%        5
 Blade Hands              Tmut           0%         N/A       100%        5
 Bolt of Magma            Conj/Fire/Erth 0%         4d4       100%        5
 Borgnjor's Vile Clutch   Necr/Erth      0%         N/A       100%        5
 Excruciating Wounds      Necr           0%         N/A       100%        5
 Fireball                 Conj/Fire      0%         3d3       100%        5
 Freezing Cloud           Conj/Ice/Air   0%         6-21      100%        5
 Irradiate                Conj/Tmut      0%         3d13      100%        5
 Lightning Bolt           Conj/Air       0%         1d11      100%        5
 Manifold Assault         Tloc           0%         N/A       100%        5
 Yara's Violent Unravell  Hex/Tmut       0%         3d3       100%        5
 Death Channel            Necr           0%         N/A       100%        6
 Iron Shot                Conj/Erth      0%         9d1       100%        6
 Starburst                Conj/Fire      0%         8x6d3     100%        6
 Statue Form              Tmut/Erth      0%         N/A       100%        6
 Ignition                 Fire           0%         3d3       100%        8
 Lehudib's Crystal Spear  Conj/Erth      0%         10d2      100%        8
 Maxwell's Capacitive Co  Air            0%         ∞         100%        8


Dungeon Overview and Level Annotations

Branches:
Dungeon (15/15)            Temple (0/1) D:6            Lair (6/6) D:8
 Shoals (4/4) Lair:3       Spider (4/4) Lair:4        Slime (0/5) Lair:6
    Orc (0/2) D:12         Vaults (2/5) D:13         Depths (0/5) D:15
 Bailey (visited)
  Crypt: Vaults:2-3

Altars:
Gozag
Hepliaklqana
Nemelex Xobeh
Sif Muna
The Shining One
Beogh

Shops:
D:4 ?   D:5 ([[   Shoals:2 [   Shoals:4 =?!*   Vaults:2 [*(

Portals:
Trove: D:11 (give +3 storm dragon scales)

Annotations:
D:3 exclusion: door
D:6 3 runed translucent doors, nyamberluvr69's ghost, novice NaFi
D:7 exclusion: door
Lair:3 exclusion: oklob plant
Lair:5 1 runed translucent door


Innate Abilities, Weirdness & Mutations

You have claws for hands.
You have large cloven feet.
You have a pair of large horns on your head.
A meltable icy envelope protects you from harm. (AC +8)
A meltable shield of frost defends you. (SH +4)
Spells you cast may paralyse nearby enemies.
Your hexes are more powerful.


Message History

You block the vault warden's attack.
The vault sentinel blows a loud note on a signal horn!
Things that are here:
a +0 arbalest; 22 bolts You hit the ironbound convoker.
You burn the ironbound convoker. You kick the ironbound convoker.
You headbutt the ironbound convoker!!
The ironbound convoker is severely wounded.
You block the ironbound convoker's attack.
You block the vault warden's attack.
You slash the ironbound convoker! You burn the ironbound convoker.
Your kick misses the ironbound convoker.
The ironbound convoker is almost dead.
The ironbound convoker casts a spell at the vault warden.
The vault warden seems to grow stronger.
The vault warden hits you from afar with a +0 halberd!!!
* * * LOW HITPOINT WARNING * * *
You closely miss the ironbound convoker.
Your kick misses the ironbound convoker.
You headbutt the ironbound convoker.
You kill the ironbound convoker!
The vault sentinel points at you and mumbles some strange words.
You resist with almost no effort. You block the vault warden's attack.
Items here: )) [[ †††.
You slice the vault sentinel!! You burn the vault sentinel.
You kick the vault sentinel, but do no damage.
The vault sentinel is heavily wounded.
You closely miss the vault sentinel. You kick the vault sentinel.
You headbutt the vault sentinel!!
You kill the vault sentinel!
You barely miss the vault warden.
The vault warden hits you with a +0 halberd!
* * * LOW HITPOINT WARNING * * *
The vault warden barely misses you.
The vault warden activates a sealing rune.
A door slams shut!
You draw a card...
You have drawn the Cloud.
Clouds appear around you!
The vault warden hits you from afar with a +0 halberd!!!
You die...
Your body glows with a rainbow of weird colours and disappears.

.............................
.............................
.............................
............................
..........................)
################'########.
#.....##.....# #.
#..#......#..# #.
#.@#......#..# #. #§p##....##
.# #. #p§####### .# #. #..# #
#. #))# #. #.+.)# #. +...#[.#
#. +...#.^. #. +.. #####
#########.


You could see 2 vault wardens.

Vanquished Creatures
  A titan (Vaults:2)
  Gastronok (D:11)
  Agnes (D:15)
  Kirke (D:14)
  A sphinx (Vaults:2)
  Donald (Vaults:1)
  Roxanne (Shoals:1)
  3 vault wardens
  An orc warlord (Bailey)
  2 emperor scorpions (Spider:4)
  7 ghost moths
  5 ironbound preservers
  A stone giant (Vaults:1)
  A minotaur (Vaults:2)
  2 dire elephants (Vaults:2)
  4 entropy weavers
  2 spark wasps
  An ettin (Vaults:1)
  5 merfolk javelineers (Shoals:4)
  6 merfolk impalers
  Josephine (D:15)
  5 yaktaur captains
  A great orb of eyes (Lair:4)
  A vault guard (Vaults:2)
  An ice dragon (D:12)
  Erolcha (D:11)
  Fannar (D:10)
  4 ironbound thunderhulks
  8 boulder beetles
  An ogre mage (D:14)
  3 alligator snapping turtles
  4 hydras
  2 merfolk aquamancers (Shoals:4)
  3 ironbound frosthearts
  4 satyrs
  2 dancing weapons (D:13)
  7 two-headed ogres
  A death knight (D:12)
  7 centaur warriors
  A tengu warrior (D:15)
  5 merfolk avatars
  4 ironbound beastmasters
  A skeletal warrior (D:12)
  A sea snake (shapeshifter) (D:14)
  A shadow wraith (Shoals:1)
  2 glowing orange brains
  8 sea snakes
  6 deep trolls (Vaults:1)
  A kraken simulacrum (Shoals:4)
  7 wizards
  A swamp dragon (D:12)
  2 necromancers
  Pikel (D:6)
  9 ironbound convokers
  5 lindwurms
  An orc knight (D:15)
  A wolf spider zombie (D:15)
  8 deep elf pyromancers
  24 harpies
  20 manticores
  31 wolf spiders
  10 cyclopes
  11 orb spiders
  2 orc sorcerers (D:15)
  14 ugly things
  5 moths of wrath
  8 fauns
  6 black mambas
  28 elephants
  6 water nymphs
  9 vault sentinels
  A centaur skeleton (D:15)
  A naga mage (D:15)
  3 torpor snails
  5 merfolk sirens
  11 cane toads
  4 gargoyles
  8 rime drakes
  3 unseen horrors
  2 efreet
  23 demonic crawlers
  8 komodo dragons
  19 yaktaurs
  4 trolls
  10 polar bears
  4 wind drakes
  10 hornets
  19 merfolk
  A tyrant leech (Lair:3)
  27 jumping spiders
  16 blink frogs
  3 dream sheep
  26 slime creatures
  13 snapping turtles
  5 water elementals
  53 redbacks
  A vampire (D:13)
  2 wyverns (Lair:6)
  11 wraiths
  2 fire bats
  23 tarantellas
  8 hogs
  2 humans
  8 basilisks
  47 yaks
  7 vampire mosquitoes
  A warg (D:8)
  A swamp worm (Shoals:2)
  A naga (D:8)
  14 water moccasins
  4 acid dragons
  A black bear (Lair:2)
  19 orc warriors
  Duvessa (D:6)
  2 sky beasts
  2 meliai simulacra
  4 ice beasts
  A boggart (shapeshifter) (D:14)
  14 centaurs
  2 ogres
  17 wolves
  A phantom (D:6)
  2 kobold brigands
  7 bullfrogs
  2 gnoll sergeants
  Dowan (D:6)
  2 scorpions
  A water moccasin zombie (D:7)
  A killer bee (Vaults:2)
  14 wights
  11 howler monkeys
  An electric eel (Spider:3)
  4 centaur zombies
  2 hounds
  5 jellies
  7 orc priests
  Ijyb (D:4)
  5 iguanas
  5 hell rats
  7 orc wizards
  2 howler monkey zombies (D:9)
  Robin (D:3)
  26 gnolls
  5 adders
  A white imp (D:6)
  2 adder skeletons (D:4)
  3 worms
  3 dart slugs
  37 orcs
  4 ball pythons
  3 bats
  10 endoplasms
  2 giant cockroaches (D:2)
  42 goblins
  14 hobgoblins
  6 jackals
  21 kobolds
  4 quokkas
  3 frilled lizards
  12 rats
  A tentacle (Shoals:4)
1098 creatures vanquished.

Vanquished Creatures (collateral kills)
  4 emperor scorpions
  An entropy weaver (Spider:2)
  2 hydras
  A two-headed ogre (D:8)
  A death knight (D:15)
  A skeletal warrior (D:15)
  A sea snake (Shoals:1)
  An orc knight (Bailey)
  An ugly thing (D:15)
  An orb spider (Spider:4)
  A manticore (Shoals:1)
  A cane toad (Lair:5)
  2 dream sheep (Shoals:1)
  A wraith (D:15)
  5 orc warriors (Bailey)
  An ogre (D:5)
  An orc priest (D:4)
  An orc wizard (D:4)
  5 orcs
  2 goblins (Bailey)
  4 hobgoblins (Bailey)
38 creatures vanquished.

Vanquished Creatures (others)
  A frost giant (Vaults:2)
  A black bear (D:7)
  39 fungi
  133 plants
  7 tentacles (Shoals:4)
181 creatures vanquished.

Grand Total: 1317 creatures vanquished

Notes
Turn   | Place    | Note
-------+----------+-------------------------------------------
     0 | D:1      | fiver49 the Demonspawn Gladiator began the quest for the
                  | Orb.
     0 | D:1      | Reached XP level 1. HP: 16/16 MP: 1/1
   136 | D:1      | Gained mutation: A meltable shield of frost defends you.
                  | (SH +4) [demonic ancestry]
   136 | D:1      | Reached XP level 2. HP: 20/22 MP: 2/2
   761 | D:2      | Gained mutation: A meltable icy envelope protects you from
                  | harm. (AC +8) [demonic ancestry]
   761 | D:2      | Reached XP level 3. HP: 27/27 MP: 3/3
   828 | D:2      | Found a sparkling altar of Nemelex Xobeh.
   833 | D:2      | Became a worshipper of Nemelex Xobeh the Trickster
  1289 | D:2      | Reached XP level 4. HP: 30/33 MP: 4/4
  1749 | D:3      | Noticed Robin
  1771 | D:3      | Killed Robin
  1780 | D:3      | Reached skill level 5 in Long Blades
  1853 | D:3      | Reached * piety under Nemelex Xobeh
  2179 | D:3      | Gained mutation: You have a pair of small horns on your
                  | head. [demonic ancestry]
  2179 | D:3      | Reached XP level 5. HP: 34/38 MP: 5/5
  2322 | D:3      | Found a shimmering blue altar of Sif Muna.
  2730 | D:4      | Noticed Ijyb
  2750 | D:4      | Paralysed by Ijyb for 2 turns
  2761 | D:4      | Killed Ijyb
  2807 | D:4      | Received a gift from Nemelex Xobeh
  3266 | D:4      | Reached ** piety under Nemelex Xobeh
  3379 | D:4      | Found Tuoffop's Magic Scroll Emporium.
  3383 | D:4      | Bought a scroll of teleportation for 39 gold pieces
  3383 | D:4      | Bought a scroll of blinking for 97 gold pieces
  3521 | D:4      | Gained mutation: You have large cloven feet. [demonic
                  | ancestry]
  3521 | D:4      | Reached XP level 6. HP: 28/44 MP: 6/6
  3687 | D:5      | Entered Level 5 of the Dungeon
  3693 | D:5      | Found Zeytatak's Armour Shoppe.
  3781 | D:5      | Noticed an ice beast
  4160 | D:5      | Found Jaanom's Antique Weapon Emporium.
  4188 | D:5      | Found Saixtoim's Antique Armour Shoppe.
  4188 | D:5      | Received a gift from Nemelex Xobeh
  4372 | D:5      | Killed an ice beast
  4379 | D:5      | Reached XP level 7. HP: 41/50 MP: 7/7
  4585 | D:5      | Reached skill level 1 in Invocations
  5394 | D:6      | You fall into a shaft and drop 1 floor!
  5394 | D:7      | Noticed Pikel
  5414 | D:7      | Found a hazy altar of Hepliaklqana.
  5479 | D:6      | Killed Pikel
  5480 | D:6      | Gained mutation: You have a pair of horns on your head.
                  | [demonic ancestry]
  5480 | D:6      | Reached XP level 8. HP: 4/56 MP: 8/11
  5811 | D:6      | Noticed Duvessa
  5811 | D:6      | Noticed Dowan
  5832 | D:6      | Killed Duvessa
  5836 | D:6      | Killed Dowan
  5837 | D:6      | Reached skill level 5 in Invocations
  6089 | D:6      | Reached *** piety under Nemelex Xobeh
  6222 | D:6      | Found a staircase to the Ecumenical Temple.
  6483 | D:6      | Found a runed translucent gate.
  6483 | D:6      | Found a runed translucent gate.
  6484 | D:6      | Found a runed translucent gate.
  6487 | D:6      | Noticed nyamberluvr69's ghost (novice NaFi)
  6750 | D:7      | Reached skill level 10 in Long Blades
  6788 | D:7      | Gained mutation: Spells you cast may paralyse adjacent
                  | enemies. [demonic ancestry]
  6788 | D:7      | Reached XP level 9. HP: 59/61 MP: 13/13
  6918 | D:7      | Received a gift from Nemelex Xobeh
  7112 | D:7      | Noticed an unseen horror
  7125 | D:7      | Killed an unseen horror
  7307 | D:7      | Noticed a four-headed hydra
  7313 | D:7      | Noticed a cyclops
  7316 | D:7      | Killed a four-headed hydra
  7362 | D:7      | Killed a cyclops
  7414 | D:7      | Noticed a cyclops
  7850 | D:8      | Found an opulent altar of Gozag.
  7974 | D:8      | Gained mutation: Spells you cast may paralyse nearby
                  | enemies. [demonic ancestry]
  7974 | D:8      | Reached XP level 10. HP: 67/67 MP: 16/16
  8126 | D:8      | Reached **** piety under Nemelex Xobeh
  8306 | D:8      | Noticed a two-headed ogre
  8340 | D:8      | Killed a two-headed ogre
  8356 | D:8      | Found a staircase to the Lair.
  8549 | D:8      | Received a gift from Nemelex Xobeh
  9367 | Lair:1   | Entered Level 1 of the Lair of Beasts
  9367 | Lair:1   | Noticed an eight-headed hydra
  9373 | Lair:1   | Killed an eight-headed hydra
  9387 | Lair:1   | Identified the ring of Serendipity {Fire Int+3 Stlth+}
  9419 | Lair:1   | Noticed a black mamba
  9441 | Lair:1   | Killed a black mamba
 10078 | Lair:2   | Noticed a black mamba
 10097 | Lair:2   | Killed a black mamba
 10105 | Lair:2   | HP: 5/100 [poisoned by a black mamba]
 10453 | Lair:2   | Reached skill level 1 in Armour
 10453 | Lair:2   | Gained mutation: You have sharp fingernails. [demonic
                  | ancestry]
 10453 | Lair:2   | Reached XP level 11. HP: 38/73 MP: 17/17
 10645 | Lair:2   | Received a gift from Nemelex Xobeh
 11669 | D:5      | Bought a smoking long sword for 246 gold pieces
 11669 | D:5      | Identified the +3 long sword of Anxiety {vorpal, Will+
                  | rCorr Dex+5} (You bought it in a shop on level 5 of the
                  | Dungeon)
 12611 | Lair:3   | Received a gift from Nemelex Xobeh
 12655 | Lair:3   | Noticed a five-headed hydra
 13060 | Lair:3   | Reached skill level 5 in Dodging
 13065 | Lair:3   | Reached skill level 5 in Fighting
 13714 | Lair:3   | Reached XP level 12. HP: 87/87 MP: 19/19
 13721 | Lair:3   | Found a staircase to the Shoals.
 13760 | Lair:3   | Reached skill level 5 in Armour
 13927 | Lair:3   | a five-headed hydra changed into a tyrant leech
 14514 | Lair:4   | Reached ***** piety under Nemelex Xobeh
 14561 | Lair:4   | Reached skill level 10 in Invocations
 14625 | Lair:4   | Noticed a four-headed hydra
 14629 | Lair:4   | Noticed a great orb of eyes
 14629 | Lair:4   | a four-headed hydra changed into a great orb of eyes
 14636 | Lair:4   | Killed a great orb of eyes
 15153 | Lair:4   | Found a hole to the Spider Nest.
 15325 | Lair:4   | Received a gift from Nemelex Xobeh
 16666 | Lair:5   | Gained mutation: A meltable icy envelope protects you from
                  | harm. (AC +8) [demonic ancestry]
 16666 | Lair:5   | Reached XP level 13. HP: 94/98 MP: 21/21
 16874 | Lair:5   | Found a runed translucent door.
 17592 | Lair:6   | Entered Level 6 of the Lair of Beasts
 17760 | Lair:6   | Identified the +9 falchion "Cymeh" {pain, Will+ Int+4
                  | Dex+3}
 17919 | Lair:6   | Received a gift from Nemelex Xobeh
 18143 | Lair:6   | Found a staircase to the Slime Pits.
 19306 | Lair:6   | Received a gift from Nemelex Xobeh
 19931 | Lair:6   | Got the Disquisition on Stolen Souls and Flight
 19933 | Lair:6   | Upgraded the game from 0.27-a0-1456-gf5a116941d to
                  | 0.27-a0-1500-g450c7e4133
 20148 | D:9      | Reached skill level 10 in Fighting
 20579 | D:9      | Received a gift from Nemelex Xobeh
 20862 | D:9      | Gained mutation: You have very sharp fingernails. [demonic
                  | ancestry]
 20862 | D:9      | Reached XP level 14. HP: 110/110 MP: 22/22
 21014 | D:10     | Entered Level 10 of the Dungeon
 21131 | D:10     | Received a gift from Nemelex Xobeh
 21161 | D:10     | Noticed Fannar
 21162 | D:10     | Noticed Maggie
 21175 | D:9      | Noticed Maggie
 21175 | D:9      | Maggie changed into Maggie the ice beast
 21177 | D:9      | Killed Maggie the ice beast
 21209 | D:10     | Killed Fannar
 21857 | D:11     | Received a gift from Nemelex Xobeh
 21904 | D:11     | Reached ****** piety under Nemelex Xobeh
 21935 | D:11     | Noticed Erolcha
 22333 | D:11     | Found a portal to a secret trove of treasure.
 22351 | D:11     | Received a gift from Nemelex Xobeh
 22714 | D:11     | Noticed Gastronok
 22725 | D:11     | Killed Gastronok
 22726 | D:11     | Reached skill level 10 in Dodging
 22810 | D:11     | You fall into a shaft and drop 2 floors!
 22815 | D:13     | Received a gift from Nemelex Xobeh
 22841 | D:12     | Found a flagged portal.
 22926 | Bailey   | Entered a bailey
 23263 | Bailey   | Noticed an orc warlord
 23317 | Bailey   | Killed an orc warlord
 23375 | Bailey   | Reached skill level 10 in Armour
 23375 | Bailey   | Reached XP level 15. HP: 119/119 MP: 24/24
 23379 | Bailey   | Gained mutation: You have claws for hands. [demonic
                  | ancestry]
 23379 | Bailey   | Reached XP level 16. HP: 127/127 MP: 25/25
 23679 | D:12     | Found a staircase to the Orcish Mines.
 23695 | D:12     | Identified 2 scrolls of acquirement
 23698 | D:12     | Acquired 822 gold pieces
 23699 | D:12     | Acquired a +2 cloak of willpower
 24969 | D:12     | Received a gift from Nemelex Xobeh
 25097 | D:11     | Killed Erolcha
 25400 | D:12     | Received a gift from Nemelex Xobeh
 26243 | D:13     | Received a gift from Nemelex Xobeh
 26569 | D:13     | Found a gate to the Vaults.
 27196 | D:13     | You fall into a shaft and drop 2 floors!
 27196 | D:15     | Entered Level 15 of the Dungeon
 27544 | D:14     | Received a gift from Nemelex Xobeh
 27568 | D:14     | Identified the ring "Roamn" {rPois Will+ Int+2 Dex+4}
 27817 | D:14     | Gained mutation: You have a pair of large horns on your
                  | head. [demonic ancestry]
 27817 | D:14     | Reached XP level 17. HP: 135/135 MP: 26/26
 28283 | D:14     | Noticed Kirke
 28370 | D:14     | Killed Kirke
 28498 | D:14     | Received a gift from Nemelex Xobeh
 28824 | D:15     | Noticed Josephine
 28978 | D:15     | Noticed Agnes
 28985 | D:15     | Killed Agnes
 29036 | D:15     | Received a gift from Nemelex Xobeh
 29736 | D:15     | Killed Josephine
 29760 | D:15     | Received a gift from Nemelex Xobeh
 30214 | D:15     | Found a staircase to the Depths.
 30957 | Spider:1 | Entered Level 1 of the Spider Nest
 33486 | Spider:1 | Received a gift from Nemelex Xobeh
 35053 | Spider:2 | Identified the +8 scimitar of Eternal Vigilance {holy, Fly
                  | Will+ rCorr Str+4}
 36025 | Spider:3 | Received a gift from Nemelex Xobeh
 37351 | Spider:3 | Identified the +0 troll leather armour of Carch {Regen+
                  | Dex+2}
 37364 | Spider:3 | Upgraded the game from 0.27-a0-1500-g450c7e4133 to
                  | 0.27-a0-1529-g1e82c303ef
 37379 | Spider:3 | Gained mutation: Your hexes are more powerful. [demonic
                  | ancestry]
 37379 | Spider:3 | Reached XP level 18. HP: 147/147 MP: 28/28
 37688 | Spider:4 | Entered Level 4 of the Spider Nest
 38377 | Spider:4 | Received a gift from Nemelex Xobeh
 39994 | Spider:4 | Paralysed by a hornet for 3 turns
 40163 | Spider:4 | Reached skill level 15 in Fighting
 40742 | Spider:4 | Got a gossamer rune of Zot
 40934 | Shoals:1 | Entered Level 1 of the Shoals
 40934 | Shoals:1 | Identified Roxanne's Grimoire of Earth
 40934 | Shoals:1 | Noticed Roxanne
 40945 | Shoals:1 | Killed Roxanne
 40962 | Shoals:1 | Reached skill level 1 in Shields
 41167 | Shoals:1 | Identified the +0 leather armour "Damnable Contraption"
                  | {Int+6 Dex+4}
 41198 | Shoals:1 | Received a gift from Nemelex Xobeh
 41464 | Shoals:1 | Reached skill level 15 in Invocations
 42069 | Shoals:2 | Found Coucifao's Antique Armour Shoppe.
 42088 | Shoals:2 | Bought a shiny ring mail for 252 gold pieces
 42454 | Shoals:2 | HP: 7/149 [poisoned by a merfolk javelineer]
 44754 | Shoals:3 | Received a gift from Nemelex Xobeh
 46013 | Shoals:3 | Received a gift from Nemelex Xobeh
 46413 | Shoals:4 | Entered Level 4 of the Shoals
 46413 | Shoals:4 | Found Tonahamo's Distillery.
 46929 | Shoals:4 | Found Zedo Jay's Jewellery Shop.
 46932 | Shoals:4 | Bought a potion of curing for 39 gold pieces
 46932 | Shoals:4 | Bought a potion of might for 52 gold pieces
 46932 | Shoals:4 | Bought a potion of heal wounds for 65 gold pieces
 46932 | Shoals:4 | Bought a potion of cancellation for 104 gold pieces
 46932 | Shoals:4 | Bought a potion of cancellation for 104 gold pieces
 47281 | Shoals:4 | Found Fuofov's Magic Scroll Shop.
 47302 | Shoals:4 | Bought a scroll of teleportation for 54 gold pieces
 47302 | Shoals:4 | Bought a scroll of teleportation for 54 gold pieces
 47302 | Shoals:4 | Bought a scroll of magic mapping for 63 gold pieces
 47302 | Shoals:4 | Bought a scroll of blinking for 135 gold pieces
 47302 | Shoals:4 | Bought a scroll of teleportation for 54 gold pieces
 47302 | Shoals:4 | Bought a scroll of teleportation for 54 gold pieces
 47332 | Shoals:4 | Bought the ring "Fiquec" {rC+ Str+6 Slay+2} for 1132 gold
                  | pieces
 47399 | Shoals:4 | Reached XP level 19. HP: 155/155 MP: 30/30
 47408 | Shoals:4 | Reached skill level 5 in Shields
 47898 | Shoals:4 | Identified the +4 short sword of Animal Spirits {vamp, rF+
                  | rN+}
 48849 | Shoals:4 | Found Idgham's General Store.
 49096 | Shoals:4 | Got a barnacled rune of Zot
 49754 | Shoals:4 | Bought a scroll of acquirement for 936 gold pieces
 49754 | Shoals:4 | Bought a scroll of summoning for 171 gold pieces
 49754 | Shoals:4 | Acquired a +4 demon blade of flaming
 49759 | Shoals:4 | Bought a scroll of enchant weapon for 135 gold pieces
 49772 | Shoals:4 | Bought a scroll of enchant weapon for 127 gold pieces
 49994 | Vaults:1 | Entered Level 1 of the Vaults
 50061 | Vaults:1 | Received a gift from Nemelex Xobeh
 50997 | Vaults:1 | Received a gift from Nemelex Xobeh
 51485 | Vaults:1 | Received a gift from Nemelex Xobeh
 51636 | Vaults:1 | Noticed Donald
 51637 | Vaults:1 | Killed Donald
 52340 | Vaults:2 | Found Xasch's Assorted Antiques.
 52349 | Vaults:2 | Bought a potion of heal wounds for 185 gold pieces
 53054 | Vaults:2 | Found Usonor's Armour Shop.
 53110 | Vaults:2 | Received a gift from Nemelex Xobeh
 53549 | Vaults:2 | Reached XP level 20. HP: 67/164 MP: 32/32
 53933 | Vaults:2 | Reached skill level 15 in Dodging
 54230 | Vaults:2 | Found Atiufysu's Weapon Emporium.
 54495 | Vaults:2 | Slain by a vault warden

Illustrated notes

Levels and vault maps discovered:
D:1:      dpeg_arrival_rooms_a, layout_rooms, minmay_tromino_v4_a
D:2:      layout_basic, basic_altar
D:3:      layout_rooms, led_sif_book, st_stairs_7, uniq_robin
D:4:      layout_gridville, serial_shops, nicolae_shop_stone, kennysheep_donut,
          uniq_ijyb
D:5:      layout_basic, overflow_temple_1_default, serial_shops,
          nicolae_take_the_stairs, nicolae_diamond_shop, kennysheep_mini_moat,
          minmay_strange_pillars, chequers_arboretum, chequers_big_river,
          grunt_decor_fettered
D:6:      layout_rooms, minmay_temple_entry_nine_rooms, gammafunk_ghost_split,
          uniq_duvessa
D:7:      minmay_slanted_spiral_squares, layout_layer_cave,
          kennysheep_little_box, uniq_pikel
D:8:      layout_basic, nicolae_gozag_seed_capital, erik_lair_orcish_takeover,
          kennysheep_generic_room_8
D:9:      layout_irregular_city, grunt_livestock, grunt_decor_one_mirror
D:10:     layout_loops_cross, uniq_fannar, uniq_maggie
D:11:     layout_irregular_city, nicolae_trove_entry_isolated,
          hangedman_glass_teeth, uniq_erolcha, uniq_gastronok
D:12:     cheibrodos_ideogram_h, layout_loops_ring,
          minmay_orc_entry_temple_small, enter_bailey_3, hex_large
D:13:     layout_basic, erik_vaults_1, grunt_ministairs_2
D:14:     minmay_inside_and_out, layout_long_grid, minmay_misc_feat_nine_boxes,
          uniq_kirke
D:15:     grunt_enter_depths_magical_seal, layout_stronghold,
          serial_bayou_pond_d, uniq_agnes, uniq_josephine
Lair:1:   layout_hall_layers, grunt_megastairs_3
Lair:2:   layout_small_grid
Lair:3:   layout_roguey, minmay_shoals_entry_centaurs
Lair:4:   layout_regular_city, dummy_spider_entry, infiniplex_staircase_pool_2,
          grunt_megastairs_4
Lair:5:   layout_big_grid, pf_torpor_hydra
Lair:6:   gammafunk_lair_ancient_temple, layout_regular_city,
          minmay_slime_entry_pillars, cheibrodos_lair_lostbears
Shoals:1: layout_shoals, nicolae_shoals_hidden_pirate_stash, uniq_roxanne
Shoals:2: layout_shoals, serial_shops, nicolae_stop_n_shop_2
Shoals:3: layout_shoals
Shoals:4: shoals_end_grunt_ice, layout_shoals, serial_shops, shop,
          nicolae_diamond_shop, nicolae_shop_statue_plus, nicolae_shop_stone
Spider:1: layout_spider_delve
Spider:2: nicolae_spider_mines_1
Spider:3: layout_spider_delve
Spider:4: guppyfry_spider_rune, nicolae_spider_jagged_tunnels
Vaults:1: nicolae_vaults_network_star, vaults_room_fancy_cross,
          grunt_vaults_hallway_short, nicolae_vaults_theta, vaults_room_pools,
          ontoclasm_vaults_eye, nicolae_vaults_specimen_jars,
          layout_vaults_quadrants, uniq_donald
Vaults:2: v_misc_1, ontoclasm_vaults_twist, ontoclasm_vaults_ring_large,
          v_misc_12, vaults_mumra_minichess, nicolae_vaults_little_squares_3,
          ontoclasm_vaults_hangar, nicolae_vaults_border_crossing,
          nicolae_vaults_triangles, nicolae_vaults_murderbox,
          vaults_dpeg_encased_lava, layout_vaults_omnicross, serial_shops,
          shop_statue, shop, shop, shop, shop

Skill      XL: |  1  2  3  4  5  6  7  8  9 10 11 12 13 14 15 16 17 18 19 20 |
---------------+-------------------------------------------------------------+-----
Long Blades    | 3 4 5 6 7 8 10 12 14 | 14.0
Invocations    | 4 6 8 9 10 11 12 13 14 15 16 | 16.9
Armour         | 1 4 7 9 10 11 13 14 | 14.7
Dodging        | 3 5 7 9 10 11 12 13 14 15 | 15.0
Fighting       | 5 8 10 11 12 14 15 16 | 16.2
Shields        | 4 8 9 |  9.2
Throwing       | |  1.7

Action                   |  1- 3 |  4- 6 |  7- 9 | 10-12 | 13-15 | 16-18 | 19-21 || total
-------------------------+-------+-------+-------+-------+-------+-------+-------++-------
Melee: Long sword        |   109 |   165 |    77 |   415 |   596 |  1122 |       ||  2484
       Headbutt          |       |    13 |    37 |   194 |   239 |   682 |   185 ||  1350
       Kick              |       |    13 |    51 |   324 |   356 |  1031 |   279 ||  2054
       Short sword       |       |       |   123 |   193 |       |       |       ||   316
       Scimitar          |       |       |       |       |       |   647 |   169 ||   816
       Demon blade       |       |       |       |       |       |       |   372 ||   372
Throw: Dart              |       |    15 |    29 |   109 |   172 |   108 |       ||   433
       Boomerang         |       |       |       |       |     5 |   271 |    25 ||   301
Invok: Draw Summoning    |       |     3 |       |     3 |     7 |    16 |     3 ||    32
       Draw Destruction  |       |     5 |     6 |    12 |     3 |    35 |    10 ||    71
       Deal Four         |       |       |       |       |     1 |     6 |     1 ||     8
       Draw Escape       |       |       |       |       |       |     2 |     9 ||    11
       Triple Draw       |       |       |       |       |       |       |     1 ||     1
Evoke: Wand              |       |       |     5 |       |       |     5 |       ||    10
       Lightning rod     |       |       |       |       |       |     2 |       ||     2
  Use: Potion            |       |       |       |     2 |     2 |     5 |     3 ||    12
       Scroll            |       |       |       |     8 |     5 |    24 |     9 ||    46
 Stab: Sleeping          |     1 |       |       |       |       |     2 |       ||     3
       Distracted        |       |       |     1 |       |       |     1 |       ||     2
       Petrified         |       |       |       |       |     9 |       |       ||     9
Armor: Leather armour    |    19 |       |       |       |       |       |       ||    19
       Ring mail         |    16 |    56 |    60 |   176 |   102 |   114 |    73 ||   597
       Skin              |       |       |       |     3 |       |       |       ||     3
       Acid dragon scale |       |       |       |       |    27 |   494 |       ||   521
Dodge: Dodged            |    57 |    65 |    76 |   288 |   268 |  1331 |   195 ||  2280
Block: Other             |    10 |    24 |    31 |   184 |   210 |   569 |       ||  1028
       Reflection        |       |       |       |     5 |    20 |    56 |    74 ||   155
       Kite shield       |       |       |       |       |       |   512 |   442 ||   954
       Rpst.: Long sword |    18 |    23 |     7 |    49 |    65 |   146 |       ||   308
       Scimitar          |       |       |       |       |       |    61 |    11 ||    72
       Demon blade       |       |       |       |       |       |       |    24 ||    24

Table legend: (Time is in decaauts)
 A = Elapsed time spent in this place.
 B = Non-inter-level travel time spent in this place.
 C = Inter-level travel time spent in this place.
 D = Time resting spent in this place.
 E = Time spent auto-exploring this place.
 F = Levels seen in this place.
 G = Mean time per level.
                   A        B        C        D        E       F      G
               +--------+--------+--------+--------+--------+-----+--------+
         Total |  54174 |  51719 |   2455 |   9523 |  32631 |  32 | 1692.9 |
       Dungeon |  19955 |  18811 |   1144 |   1652 |  13463 |  15 | 1330.3 |
          Lair |  10627 |   9878 |    749 |   1603 |   6546 |   6 | 1771.2 |
        Shoals |   9202 |   8903 |    299 |   2574 |   4693 |   4 | 2300.5 |
   Spider Nest |   9531 |   9295 |    236 |   3301 |   4374 |   4 | 2382.8 |
        Vaults |   4405 |   4379 |     26 |    393 |   3383 |   2 | 2202.5 |
        Bailey |    451 |    451 |      0 |      0 |    171 |   1 |  451.0 |
               +--------+--------+--------+--------+--------+-----+--------+

Top non-repeatable levels by time:
  Lair:2: 2937 daAuts
Shoals:4: 2928 daAuts
Shoals:2: 2844 daAuts
Spider:4: 2628 daAuts
  Lair:4: 2580 daAuts
Vaults:2: 2464 daAuts
Spider:2: 2445 daAuts
Spider:1: 2433 daAuts
    D:12: 2127 daAuts
Spider:3: 2024 daAuts
Vaults:1: 1941 daAuts
Shoals:3: 1777 daAuts
  Lair:6: 1684 daAuts
    D:14: 1683 daAuts
Shoals:1: 1651 daAuts
